 Dungeon Crawl Stone Soup version 0.25.0-10-g039870ee82 (webtiles) character file.

Game seed: 16964526467724778926

26557 protoss039 the Eclecticist (level 12, -7/62 HPs)
             Began as a Deep Elf Earth Elementalist on June 23, 2020.
             Was an Elder of Vehumet.
             Killed from afar by Jorgrun (11 damage)
             ... with an iron shot
             ... while petrified by Jorgrun
             ... on level 14 of the Dungeon.
             The game lasted 01:39:14 (17650 turns).

protoss039 the Eclecticist (DEEE)                  Turns: 17650, Time: 01:39:15

Health: -7/62      AC: 10    Str: 15    XL:     12   Next: 99%
Magic:  14/36      EV:  2    Int: 29    God:    Vehumet [****..]
Gold:   2170       SH:  0    Dex: 15    Spells: 30/48 levels left

rFire    . . .     SeeInvis .   h - +3 short sword (flame)
rCold    + . .     Gourm    .   D - +3 buckler of the Quahog {rPois Regen+ rCorr Str+4}
rNeg     + + +     Faith    .   N - +2 robe {rC+}
rPois    ∞         Spirit   .   e - +2 helmet {Int+3}
rElec    .         Reflect  .   (no cloak)
rCorr    +         Harm     .   (no gloves)
MR       +....                  J - +2 pair of boots
Stlth    ++........             (no amulet)
HPRegen  0.60/turn              r - +6 ring of strength
MPRegen  0.25/turn              x - ring of wizardry

@: petrified
A: no striking features
a: Renounce Religion


You were on level 14 of the Dungeon.
You worshipped Vehumet.
Vehumet was greatly pleased with you.
You were not hungry.

You visited 2 branches of the dungeon, and saw 15 of its levels.

You collected 2910 gold pieces.
You spent 740 gold pieces at shops.

Inventory:

Hand Weapons
 h - a +3 short sword of flaming (weapon)
Missiles
 u - 158 stones (quivered)
Armour
 e - a +2 helmet of intelligence (worn)
 D - the +3 buckler of the Quahog (worn) {rPois Regen+ rCorr Str+4}
   (You found it on level 11 of the Dungeon)

   It affects your strength (+4).
   It protects you from poison.
   It increases your rate of regeneration.
   It provides partial protection from all sources of acid and corrosion.
 J - a +2 pair of boots (worn)
 N - a +2 robe of cold resistance (worn)
Jewellery
 r - a +6 ring of strength (left hand)
 x - a ring of wizardry (right hand)
 y - an uncursed ring of ice
 G - a cursed ring of teleportation {unknown}
 K - a +6 ring of dexterity {unknown}
 M - an uncursed ring of protection from magic {unknown}
 P - an uncursed ring of ice
Wands
 m - a wand of acid (17)
 p - a wand of iceblast (27)
 v - a wand of digging (2)
 B - a wand of flame (14)
 E - a wand of disintegration (28)
 H - a wand of polymorph (7)
 L - a wand of paralysis (20)
Scrolls
 a - 4 scrolls of blinking
 c - a scroll of fog
 g - 5 scrolls of teleportation
 j - 3 scrolls of enchant armour
 k - 7 scrolls of remove curse
 n - 4 scrolls of fear
 z - 3 scrolls of enchant weapon
 C - 2 scrolls of vulnerability
Potions
 b - a potion of magic
 f - 5 potions of curing
 i - a potion of resistance
 l - 3 potions of stabbing
 o - a potion of heal wounds
 q - a potion of might
 t - 2 potions of brilliance
 w - a potion of invisibility
 A - 2 potions of haste
 F - 2 potions of flight
Comestibles
 d - 20 rations
 O - 4 chunks of flesh


   Skills:
 + Level 1.8 Fighting
 + Level 3.3 Short Blades
 - Level 2.4 Dodging
 - Level 2.4 Stealth
 + Level 0.2 Shields
 * Level 18.6 Spellcasting
 + Level 6.2 Conjurations
 + Level 1.2 Hexes
 + Level 1.2 Transmutations
 * Level 15.0 Earth Magic


You had 30 spell levels left.
You knew the following spells:

 Your Spells              Type           Power        Failure   Level  Hunger
a - Sandblast             Erth           ######       0%          1    None
b - Passwall              Tmut/Erth      ######..     1%          2    None
c - Stone Arrow           Conj/Erth      ######       1%          3    None
d - Petrify               Tmut/Erth      ######..     1%          4    None
e - Lee's Rapid Deconstr  Erth           #######...   1%          5    None
f - Apportation           Tloc           ####..       1%          1    None
g - Slow                  Hex            ####....     1%          2    None

Your spell library contained the following spells:

 Spells                   Type           Power        Failure   Level  Hunger
 Bolt of Magma            Conj/Fire/Erth ######....   1%          5    None
 Foxfire                  Conj/Fire      ####         1%          1    None
 Magic Dart               Conj           ####         1%          1    None
 Summon Butterflies       Summ           ####....     1%          1    None
 Blink                    Tloc           N/A          1%          2    None
 Call Imp                 Summ           ####....     1%          2    None
 Shroud of Golubria       Chrm/Tloc      ####..       1%          2    None
 Conjure Flame            Conj/Fire      #####...     1%          3    None
 Ignite Poison            Fire/Tmut/Pois ####....     1%          3    None
 Inner Flame              Hex/Fire       ####....     1%          3    None
 Mephitic Cloud           Conj/Pois/Air  #####...     1%          3    None
 Portal Projectile        Hex/Tloc       ####..       2%          3    None
 Excruciating Wounds      Chrm/Necr      ####......   26%         5    None
 Summon Forest            Summ/Tloc      ####......   26%         5    None
 Disjunction              Tloc           ####......   100%        8    ######.


Dungeon Overview and Level Annotations

Branches:
Dungeon (14/15)            Temple (1/1) D:7            Lair (0/6) D:10
    Orc (0/2) D:11         Vaults (0/5) D:13

Altars:
Ashenzari
Cheibriados
Dithmenos
Elyvilon
Fedhas
Gozag
Hepliaklqana
Kikubaaqudgha
Nemelex Xobeh
Qazlal
Ru
Sif Muna
Trog
Vehumet
Wu Jian
Xom
Yredelemnul
Zin

Shops:
D:6 %([   D:8 %   D:9 (   D:12 *   D:13 [

Portals:
Trove: D:10 (give 3 potions of resistance)

Annotations:
D:2 2 transporters
D:3 Natasha
D:13 1 exclusion
D:14 Jorgrun


Message History

Jorgrun resists with almost no effort.
Jorgrun casts a spell past you.
The wall shatters!
The blast of rock fragments hits you!!
You have turned to stone.
Jorgrun gestures at the rock wall while chanting.
You hear a grinding noise.
Some rock shatters into small pieces.
Jorgrun barely misses you.
Jorgrun hits you with an uncursed staff of earth.
Jorgrun casts a spell at you.
The wall shatters!
The blast of rock fragments hits you!!
Jorgrun hits you with an uncursed staff of earth!!
Jorgrun crushes you!!
Jorgrun hits you with an uncursed staff of earth!!
* * * LOW HITPOINT WARNING * * *
Jorgrun crushes you!
* * * LOW HITPOINT WARNING * * *
Jorgrun casts a spell at you. The iron shot hits you!!
You die...

..... ..?.
..'# # ...
##.#..#
#.#...#
#.g.'#####
#@......#
#...#.###
#.....
#...#
#.....
#.#####
#.....
#...#..
###.....
#.#.#.#
.......
#.#.#.#
#.....
#.#.#.#
#.....
#.)...#
#.....


You could see Jorgrun.

Vanquished Creatures
  An ironheart preserver (D:13)
  A tengu warrior (D:14)
  A catoblepas (D:13)
  3 two-headed ogres
  2 centaur warriors (D:14)
  2 skeletal warriors (D:14)
  2 wizards (D:11)
  Pikel (D:7)
  4 deep elf magi
  An ugly thing (D:12)
  3 cyclopes
  2 manticores
  Joseph (D:7)
  3 centaur zombies
  5 centaur skeletons
  Maggie (D:7)
  A kobold demonologist (D:13)
  4 trolls
  A wolf spider simulacrum (D:14)
  2 hornets
  3 hippogriffs
  A vampire (D:13)
  2 wyverns (D:13)
  A wraith (D:10)
  7 yaks
  A fire elemental (D:11)
  A basilisk (D:13)
  A soldier ant (shapeshifter) (D:13)
  A soldier ant (D:14)
  9 orc warriors
  2 slaves (D:7)
  2 ice beasts
  2 black bears (D:10)
  A necrophage (D:11)
  2 eyes of draining
  An eye of draining (shapeshifter) (D:13)
  7 ogres
  3 boggarts (D:14)
  10 centaurs
  4 phantoms
  2 crocodiles (D:9)
  8 big kobolds
  9 bullfrogs
  2 gnoll sergeants
  A wyvern zombie (D:11)
  A wyvern skeleton (D:10)
  4 scorpions
  9 killer bees
  10 wights
  5 howler monkeys
  6 crimson imps
  4 jellies
  5 hounds
  8 orc wizards
  2 orc priests
  Natasha (D:3)
  2 bullfrog skeletons
  A gnoll shaman (D:5)
  Ijyb (D:3)
  6 iguanas
  15 worker ants
  A killer bee zombie (D:9)
  A hound skeleton (D:5)
  Robin (D:3)
  A howler monkey zombie (D:7)
  8 adders
  18 gnolls
  A howler monkey skeleton (D:9)
  2 shadow imps
  An adder zombie (D:5)
  3 adder skeletons
  4 worms
  3 dart slugs
  8 leopard geckos
  39 orcs
  3 ball pythons
  11 giant cockroaches
  16 goblins
  12 hobgoblins
  19 jackals
  3 quokkas (D:5)
  A ball python zombie (D:5)
  8 bats
  11 frilled lizards
  A giant cockroach zombie (D:6)
  A jackal skeleton (D:8)
  9 kobolds
  A quokka skeleton (D:7)
  9 rats
400 creatures vanquished.

Notes
Turn   | Place    | Note
-------+----------+-------------------------------------------
     0 | D:1      | protoss039 the Deep Elf Earth Elementalist began the quest
                  | for the Orb.
     0 | D:1      | Reached XP level 1. HP: 10/10 MP: 6/6
   111 | D:1      | Reached XP level 2. HP: 10/15 MP: 5/8
   505 | D:1      | Reached skill level 4 in Spellcasting
   709 | D:1      | Reached XP level 3. HP: 18/19 MP: 10/10
  1354 | D:2      | Learned a level 2 spell: Passwall
  1368 | D:2      | Found an ornate altar of the Wu Jian Council.
  1370 | D:2      | Noticed a bullfrog
  1372 | D:2      | Found a transporter.
  1378 | D:2      | Noticed an ogre
  1381 | D:2      | Found a transporter.
  1486 | D:2      | Found a blossoming altar of Fedhas.
  1932 | D:3      | Reached XP level 4. HP: 24/24 MP: 10/12
  1935 | D:3      | Noticed Robin
  2072 | D:3      | Noticed an orc warrior
  2168 | D:3      | Reached skill level 1 in Short Blades
  2175 | D:3      | Learned a level 3 spell: Stone Arrow
  2177 | D:3      | Noticed Ijyb
  2192 | D:3      | Killed Ijyb
  2192 | D:3      | Reached skill level 5 in Spellcasting
  2401 | D:3      | Killed Robin
  2544 | D:2      | Reached XP level 5. HP: 7/28 MP: 2/14
  2938 | D:3      | Noticed Natasha
  2954 | D:3      | Killed Natasha
  3144 | D:3      | Noticed Natasha
  3386 | D:4      | Reached skill level 6 in Spellcasting
  3386 | D:4      | Reached skill level 1 in Conjurations
  3586 | D:4      | Noticed a centaur
  3591 | D:4      | Killed a centaur
  3591 | D:4      | Reached XP level 6. HP: 17/33 MP: 3/17
  3737 | D:4      | Found a stormy altar of Qazlal.
  3738 | D:4      | Found a bloodstained altar of Trog.
  3746 | D:4      | Found a shimmering blue altar of Sif Muna.
  3746 | D:4      | Found a basalt altar of Yredelemnul.
  3746 | D:4      | Found a shadowy altar of Dithmenos.
  3747 | D:4      | Found an opulent altar of Gozag.
  4667 | D:5      | Entered Level 5 of the Dungeon
  4800 | D:5      | Reached skill level 1 in Fighting
  4800 | D:5      | Reached skill level 7 in Spellcasting
  4800 | D:5      | Reached skill level 5 in Earth Magic
  4930 | D:5      | Reached XP level 7. HP: 38/38 MP: 12/19
  5252 | D:5      | Reached skill level 8 in Spellcasting
  5366 | D:5      | Found a sparkling altar of Nemelex Xobeh.
  5400 | D:5      | Found a shattered altar of Ashenzari.
  5837 | D:5      | Found a snail-covered altar of Cheibriados.
  6153 | D:6      | Found Qoexaici's Armour Boutique.
  6200 | D:6      | Reached XP level 8. HP: 36/43 MP: 22/22
  6205 | D:6      | Reached skill level 9 in Spellcasting
  6390 | D:6      | Bought a +2 helmet of intelligence for 236 gold pieces
  6767 | D:6      | Learned a level 4 spell: Petrify
  6773 | D:6      | Learned a level 5 spell: Lee's Rapid Deconstruction
  6818 | D:6      | Found Cofaime's Antique Weapon Emporium.
  6837 | D:6      | Found Wevoanaq's Food Emporium.
  7118 | D:6      | Found a hazy altar of Hepliaklqana.
  7330 | D:6      | Reached skill level 10 in Spellcasting
  7803 | D:7      | Identified the Reference Book on the Spatial Escort
  7807 | D:7      | Learned a level 1 spell: Apportation
  7930 | D:7      | Noticed Joseph
  7935 | D:7      | Killed Joseph
  7935 | D:7      | Reached XP level 9. HP: 9/47 MP: 5/25
  8296 | D:7      | Reached skill level 11 in Spellcasting
  8484 | D:7      | Found a shimmering altar of Xom.
  8485 | D:7      | Found a shimmering altar of Xom.
  8486 | D:7      | Found a shimmering altar of Xom.
  8486 | D:7      | Found a shimmering altar of Xom.
  8490 | D:7      | Found a shimmering altar of Xom.
  8597 | D:7      | Found a staircase to the Ecumenical Temple.
  8689 | Temple   | Entered the Ecumenical Temple
  8752 | Temple   | Became a worshipper of Vehumet
  8884 | D:7      | Noticed Pikel
  8892 | D:7      | Killed Pikel
  9064 | D:7      | Noticed Maggie
  9083 | D:7      | Killed Maggie
  9083 | D:7      | Reached skill level 12 in Spellcasting
  9612 | D:8      | Reached XP level 10. HP: 50/52 MP: 21/28
  9735 | D:8      | Noticed a two-headed ogre
  9740 | D:8      | Killed a two-headed ogre
  9740 | D:8      | Reached skill level 13 in Spellcasting
  9740 | D:8      | Reached skill level 10 in Earth Magic
 10285 | D:8      | Found Puta's Food Shop.
 10679 | D:9      | Found Aqa Pien's Antique Weapon Boutique.
 10706 | D:9      | Reached * piety under Vehumet
 10706 | D:9      | Offered knowledge of Foxfire by Vehumet.
 10730 | D:9      | Learned a level 2 spell: Slow
 11350 | D:9      | Reached skill level 5 in Conjurations
 11618 | D:10     | Entered Level 10 of the Dungeon
 11618 | D:10     | Found a staircase to the Lair.
 11629 | D:10     | Reached skill level 14 in Spellcasting
 11829 | D:10     | Noticed a two-headed ogre
 11836 | D:10     | Killed a two-headed ogre
 11928 | D:10     | Reached XP level 11. HP: 57/57 MP: 22/31
 12253 | D:10     | Noticed a two-headed ogre
 12266 | D:10     | Killed a two-headed ogre
 12372 | D:10     | Found a portal to a secret trove of treasure.
 12604 | D:10     | Identified a scroll of acquirement
 12694 | D:11     | Noticed a deep elf mage
 12696 | D:11     | Noticed a deep elf mage
 12699 | D:11     | Noticed a sixfirhy
 12699 | D:11     | Killed a deep elf mage
 12699 | D:11     | Reached skill level 15 in Spellcasting
 12700 | D:11     | Killed a deep elf mage
 12896 | D:11     | Noticed a wizard
 12897 | D:11     | Killed a wizard
 13214 | D:11     | Noticed a wizard
 13216 | D:11     | Killed a wizard
 13359 | D:11     | Reached ** piety under Vehumet
 13359 | D:11     | Offered knowledge of Freeze by Vehumet.
 13473 | D:11     | Got a scorched buckler
 13479 | D:11     | Identified the +3 buckler of the Quahog {rPois Regen+ rCorr
                  | Str+4} (You found it on level 11 of the Dungeon)
 13693 | D:11     | Found a staircase to the Orcish Mines.
 13796 | D:11     | Reached skill level 16 in Spellcasting
 14008 | D:11     | Noticed a deep elf mage
 14020 | D:11     | Killed a deep elf mage
 14145 | D:11     | Identified Dukkycke's Almanac of the Boosting Blaze
 14482 | D:12     | Found Keaviac's General Store.
 14489 | D:12     | Bought a potion of haste for 140 gold pieces
 14489 | D:12     | Bought a scroll of identify for 28 gold pieces
 14513 | D:12     | Offered knowledge of Dazzling Flash by Vehumet.
 14733 | D:12     | Noticed a brown ugly thing
 14739 | D:12     | Killed a brown ugly thing
 15215 | D:13     | Found Aropem's Antique Armour Shop.
 15217 | D:13     | Reached *** piety under Vehumet
 15226 | D:13     | Bought a pair of glowing boots for 225 gold pieces
 15226 | D:13     | Bought an embroidered robe for 111 gold pieces
 15353 | D:13     | Reached XP level 12. HP: 62/62 MP: 12/34
 15758 | D:13     | Offered knowledge of Static Discharge by Vehumet.
 15794 | D:13     | Noticed an ironheart preserver
 15805 | D:13     | Killed an ironheart preserver
 15805 | D:13     | Reached skill level 17 in Spellcasting
 16044 | D:13     | Found a gate to the Vaults.
 16109 | D:13     | Noticed a catoblepas
 16117 | D:13     | Killed a catoblepas
 16243 | D:13     | Reached skill level 1 in Hexes
 16709 | D:14     | Reached **** piety under Vehumet
 16863 | D:14     | Noticed a tengu warrior
 16868 | D:14     | Killed a tengu warrior
 16999 | D:14     | Offered knowledge of Bolt of Magma by Vehumet.
 17060 | D:14     | Reached skill level 18 in Spellcasting
 17066 | D:14     | Noticed a centaur warrior
 17251 | D:14     | Noticed a centaur warrior
 17317 | D:14     | Killed a centaur warrior
 17441 | D:14     | Killed a centaur warrior
 17632 | D:14     | Noticed Jorgrun
 17634 | D:14     | Reached skill level 15 in Earth Magic
 17650 | D:14     | Killed from afar by Jorgrun

Illustrated notes

Levels and vault maps discovered:
D:1:      dpeg_arrival_brainrot, layout_rooms
D:2:      layout_basic, gammafunk_temple_overflow_arena, old_standard_altar,
          first_ration
D:3:      layout_rooms, kennysheep_generic_room_5, uniq_natasha, uniq_robin,
          uniq_ijyb
D:4:      layout_cave_pods, grunt_temple_overflow_open
D:5:      cheibrodos_quashed, layout_loops_cross, kennysheep_mini_moat,
          nicolae_overflow_hidden_temple, chei_slow_surprise
D:6:      layout_rooms, nicolae_overflow_crystal_walls, serial_shops,
          nicolae_shop_stone, shop, shop
D:7:      layout_basic, xom_shifter_show, minmay_temple_entry_hall, uniq_pikel,
          uniq_maggie, uniq_joseph
D:8:      layout_loops_ring, serial_shops, shop_coins, grunt_pizzeria
D:9:      layout_basic, serial_shops, nicolae_shop_window_shopping
D:10:     layout_cave_pools, lair_entry_dummy, enter_trove_6
D:11:     cheibrodos_lost_city_excavation, layout_basic,
          kennysheep_orc_monster_closet_entryway
D:12:     layout_loops_ring, serial_shops, shop_fountains
D:13:     layout_basic, skrybe_vaults_entry_preservation, serial_shops, shop,
          kennysheep_generic_room_2
D:14:     layout_roguey, corexii_corridor_pit, uniq_jorgrun
Temple:   dpeg_chambers_temple

Skill      XL: |  1  2  3  4  5  6  7  8  9 10 11 12 |
---------------+-------------------------------------+-----
Spellcasting   | 4 5 6 7 8 10 12 14 16 18 | 18.6
Earth Magic    | 4 5 6 8 9 11 13 15 | 15.0
Short Blades   | 1 2 3 |  3.3
Conjurations   | 1 2 4 5 6 |  6.2
Fighting       | 1 |  1.8
Hexes          | 1 |  1.2
Dodging        | |  2.4
Stealth        | |  2.4
Shields        | |  0.2
Transmutations | |  1.2

Action                   |  1- 3 |  4- 6 |  7- 9 | 10-12 || total
-------------------------+-------+-------+-------+-------++-------
Melee: Short sword       |    72 |   107 |    76 |    17 ||   272
       Unarmed           |     2 |       |       |       ||     2
 Cast: Sandblast         |    42 |    12 |    25 |   125 ||   204
       Stone Arrow       |       |    63 |   121 |   171 ||   355
       Passwall          |       |     1 |       |     5 ||     6
       Lee's Rapid Decon |       |       |     9 |    85 ||    94
       Apportation       |       |       |       |     2 ||     2
       Slow              |       |       |       |     8 ||     8
       Petrify           |       |       |       |     5 ||     5
  Use: Potion            |       |     1 |     4 |     4 ||     9
       Scroll            |       |     8 |     6 |    10 ||    24
 Stab: Sleeping          |     7 |       |     1 |       ||     8
       Distracted        |       |       |     1 |       ||     1
  Eat: Chunk             |     3 |    11 |    12 |    24 ||    50
       Ration            |       |       |     1 |       ||     1
Armor: Robe              |    17 |    27 |    23 |    34 ||   101
Dodge: Dodged            |    58 |    87 |    72 |    51 ||   268
Block: Buckler           |       |       |       |    11 ||    11
